 Dungeon Crawl Stone Soup version 0.27.1-35-g4d5d836560 (console) character file.

Game seed: 9375412875845437701

89736 grimtooth the Arsonist (level 15, 0/198 HPs)
             Began as a Demigod Fire Elementalist on Dec 22, 2022.
             Succumbed to an emperor scorpion's poison
             ... on level 1 of the Spider Nest on Dec 24, 2022.
             The game lasted 03:37:40 (30155 turns).

grimtooth the Arsonist (Demigod Fire Elementalist) Turns: 30155, Time: 03:37:41

Health: 0/198      AC: 24    Str: 17    XL:     15   Next: 9%
Magic:  8/28       EV: 14    Int: 29    God:
Gold:   1482       SH:  7    Dex: 24    Spells: 10/26 levels left

rFire    . . .     SeeInvis .   a - +4 whip {venom, Drain rElec rPois Dex+5}
rCold    . . .     Faith    .   b - +0 buckler
rNeg     + . .     Spirit   .   R - +6 scale mail of Sloth {Dex+10}
rPois    +         Reflect  .   r - +2 helmet
rElec    +         Harm     .   j - +0 cloak of Leapfrog {Rampage rN+ rCorr Dex-5}
rCorr    +         Rampage  +   h - +2 pair of gloves
Will     +....                  Y - +0 pair of boots
Stlth    ..........             H - amulet of regeneration
HPRegen  1.43/turn              c - ring of poison resistance
MPRegen  0.21/turn              m - ring of resist corrosion

@: berserking (expiring), lethally poisoned (0 -> -9), very quick
A: high mp 1, forlorn, screaming 1
a: no special abilities


You were on level 1 of the Spider Nest.
You visited 4 branches of the dungeon, and saw 22 of its levels.
You also visited: Ossuary.

You collected 3296 gold pieces.
You spent 1814 gold pieces at shops.

Inventory:

Hand Weapons
 a - the +4 whip "Wel Suis" (weapon) {venom, Drain rElec rPois Dex+5}
   (You found it on level 4 of the Dungeon)

   It poisons the flesh of those it strikes.
   Dex:       It affects your dexterity (+5).
   rElec:     It insulates you from electricity.
   rPois:     It protects you from poison.
   Drain:     It drains your maximum health when unequipped.
Missiles
 F - 90 poisoned darts (quivered)
Armour
 b - a +0 buckler (worn)
 h - a +2 pair of gloves (worn)
 j - the +0 cloak of Leapfrog (worn) {Rampage rN+ rCorr Dex-5}
   (You bought it in a shop on level 2 of the Orcish Mines)

   Dex:       It affects your dexterity (-5).
   rN:        It protects you from negative energy.
   rCorr:     It protects you from acid and corrosion.
   Rampage:   It bestows one free step when moving towards enemies.
 r - a +2 helmet (worn)
 w - a +2 robe of fire resistance
 R - the +6 scale mail of Sloth (worn) {Dex+10}
   (You found it on level 4 of the Lair of Beasts)

   Dex:       It affects your dexterity (+10).
 Y - a +0 pair of boots (worn)
Jewellery
 c - a ring of poison resistance (left hand)
 m - a ring of resist corrosion (right hand)
 p - a ring of ice
 H - an amulet of regeneration (around neck)
 W - an amulet of reflection
Wands
 n - a wand of iceblast (19)
 q - a wand of charming (20)
 v - a wand of paralysis (19)
 y - a wand of polymorph (33)
 z - a wand of mindburst (8)
 E - a wand of flame (30)
 J - a wand of acid (33)
Scrolls
 i - a scroll of holy word {unknown}
 u - 2 scrolls of fog
 A - 3 scrolls of magic mapping {unknown}
 K - a scroll of fear
 O - 3 scrolls of vulnerability {unknown}
 Z - 2 scrolls of blinking {unknown}
Potions
 d - 2 potions of ambrosia
 f - a potion of invisibility
 g - a potion of haste
 k - a potion of berserk rage
 s - 3 potions of cancellation
 t - 2 potions of magic
 B - a potion of resistance
 D - a potion of might
 I - 7 potions of curing
 N - 4 potions of flight
Miscellaneous
 L - a box of beasts


   Skills:
 - Level 12.0 Fighting
 - Level 6.0 Maces & Flails
 * Level 10.0 Armour
 + Level 6.7 Dodging
 - Level 1.7 Stealth
 - Level 6.0 Shields
 - Level 6.0 Spellcasting
 - Level 12.0 Conjurations
 - Level 12.0 Fire Magic


You had 10 spell levels left.
You knew the following spells:

 Your Spells              Type           Power      Damage    Failure   Level
a - Foxfire               Conj/Fire      100%       2x1d9     1%          1
b - Inner Flame           Hex/Fire       43%        N/A       3%          3
c - Conjure Flame         Conj/Fire      68%        6-21      1%          3
d - Sticky Flame          Conj/Fire      68%        2d8       1%          4
f - Fireball              Conj/Fire      34%        3d14      3%          5

Your spell library contained the following spells:

 Spells                   Type           Power      Damage    Failure   Level
 Stone Arrow              Conj/Erth      86%        3d12      3%          3
 Hailstorm                Conj/Ice       43%        3d10      13%         4
 Animate Skeleton         Necr           16%        N/A       16%         1
 Apportation              Tloc           16%        N/A       16%         1
 Corona                   Hex            8%         N/A       16%         1
 Pain                     Necr           32%        1d5       16%         1
 Summon Small Mammal      Summ           32%        N/A       16%         1
 Passwall                 Tmut/Erth      6%         N/A       22%         2
 Sublimation of Blood     Necr           4%         N/A       22%         2
 Irradiate                Conj/Tmut      21%        3d20      34%         5
 Ozocubu's Armour         Ice            8%         N/A       41%         3
 Swiftness                Air            8%         N/A       41%         3
 Vampiric Draining        Necr           4%         2d6       41%         3
 Animate Armour           Summ/Erth      16%        N/A       83%         4
 Animate Dead             Necr           4%         N/A       83%         4
 Cause Fear               Hex            4%         N/A       83%         4
 Ice Form                 Ice/Tmut       8%         N/A       83%         4
 Petrify                  Tmut/Erth      8%         N/A       83%         4
 Metabolic Englaciation   Hex/Ice        4%         N/A       99%         5
 Invisibility             Hex            4%         N/A       100%        6
 Simulacrum               Ice/Necr       4%         N/A       100%        6
 Dragon Form              Tmut           4%         N/A       100%        7
 Haunt                    Necr/Summ      4%         N/A       100%        7
 Infestation              Necr           4%         N/A       100%        8
 Lehudib's Crystal Spear  Conj/Erth      21%        10d6      100%        8
 Dragon's Call            Summ           4%         N/A       100%        9


Dungeon Overview and Level Annotations

Branches:
Dungeon (13/15)            Temple (0/1) D:4            Lair (6/6) D:10
  Swamp (0/4) Lair:4       Spider (1/4) Lair:3        Slime (0/5) Lair:6
    Orc (2/2) D:11            Elf (0/3) Orc:2        Vaults (0/5) D:13
Ossuary (visited)

Shops:
Orc:2 *==([

Annotations:
D:3 2 transporters, cbfl8's ghost, amateur MiMo
D:9 Maggie
D:12 fly
Lair:1 2 transporters, axecop's ghost, journeyman DsAK
Lair:6 Rupert


Innate Abilities, Weirdness & Mutations

Your attributes grow dramatically as you level up.
You have an increased reservoir of magic. (+10% MP)
You shall have no god before yourself.
You occasionally shout uncontrollably at your foes.


Message History

* * * LOW HITPOINT WARNING * * *
The emperor scorpion claws you but does no damage.
You closely miss the emperor scorpion.
The emperor scorpion is almost dead.
* * * LOW HITPOINT WARNING * * *
You feel very sick. The moth of wrath barely misses you.
You block the emperor scorpion's attack.
The emperor scorpion claws you!
* * * LOW HITPOINT WARNING * * *
The emperor scorpion barely misses you.
You are too berserk!
Unknown command.
* * * LOW HITPOINT WARNING * * *
You feel very sick.
The emperor scorpion burns!
You kill the emperor scorpion!
Your Armour skill increases to level 10!
You barely miss the moth of wrath.
The moth of wrath is heavily wounded.
* * * LOW HITPOINT WARNING * * *
You feel very sick.
You whack the moth of wrath!
The moth of wrath looks as sick as possible!
The moth of wrath is severely wounded.
* * * LOW HITPOINT WARNING * * *
You feel very sick. The moth of wrath closely misses you.
Your scale mail of Sloth prevents you from hitting the moth of wrath.
The moth of wrath is severely wounded.
* * * LOW HITPOINT WARNING * * *
You feel very sick.
You completely miss the moth of wrath.
The moth of wrath is severely wounded.
* * * LOW HITPOINT WARNING * * *
You feel very sick. You block the moth of wrath's attack.
You thrash the moth of wrath!!
You kill the moth of wrath!
You die...

......≈≈≈≈≈≈#......##.....#
..#..≈#≈≈≈≈≈≈.......#.....
..#..≈≈≈≈≈≈≈≈≈#.....##....
.##..#≈≈≈≈≈≈≈.......)#...#
.#...≈≈≈#≈≈≈#.......)# ..##
.#>..#≈≈≈≈≈≈≈.......####..#
.###..≈≈≈#≈#≈.^######.#...#
####..≈#≈≈≈≈≈..#...#.....##
# #....≈≈≈≈≈..##.....#.###
####.†..≈≈≈#..##....####
##.##...##≈.....@..##
....#..##≈≈.......##
....##..#.≈#..^..##
†....#.....≈...###
...#.......≈≈.##
####^.....##≈##
#..##...^.######
#...###..## ##.###
......#######....####
.........†..##....#.#
).^###.......##.....#


There were no monsters in sight!

Vanquished Creatures
  Frances (D:12)
  An emperor scorpion (Spider:1)
  3 entropy weavers
  Snorg (Lair:4)
  Fannar (D:10)
  2 vault guards (D:13)
  2 centaur warriors (D:13)
  6 hydras
  3 catoblepae
  5 two-headed ogres
  An alligator (Lair:6)
  2 tengu warriors
  5 orc high priests (Orc:2)
  A flayed ghost (D:12)
  8 orc knights
  Pikel (D:5)
  3 wizards (D:13)
  9 wolf spiders
  3 orb spiders (Spider:1)
  2 ugly things
  3 cyclopes
  An orc sorcerer (Orc:1)
  A moth of wrath (Spider:1)
  5 elephants (Lair:4)
  A guardian serpent (Lair:6)
  10 black mambas
  Psyche (D:9)
  5 torpor snails
  2 unseen horrors
  2 gargoyles (D:13)
  11 cane toads
  4 kobold demonologists
  4 demonic crawlers (Spider:1)
  8 komodo dragons
  3 rime drakes
  5 jumping spiders (Spider:1)
  4 hornets
  4 trolls
  3 polar bears
  16 blink frogs
  8 slime creatures
  2 shadows
  Sigmund (D:5)
  13 redbacks
  7 tarantellas (Spider:1)
  A vampire (D:12)
  14 wyverns
  2 wraiths (D:12)
  Eustachio (D:5)
  2 steam dragons
  6 basilisks
  20 yaks
  7 vampire mosquitoes
  2 wargs (D:10)
  17 humans (D:13)
  Menkaure (D:4)
  Edmund (D:5)
  4 acid dragons
  15 water moccasins
  Duvessa (D:4)
  Purgy (D:4)
  35 orc warriors
  2 sky beasts (D:6)
  An ice beast (D:7)
  A necrophage (D:7)
  4 ogres
  11 wolves
  12 centaurs
  A lemure (D:5)
  A phantom (D:8)
  2 elf zombies (Ossuary)
  3 kobold brigands
  Blork the orc (D:6)
  2 gnoll sergeants
  3 scorpions
  14 bullfrogs
  Dowan (D:4)
  2 water moccasin skeletons
  14 killer bees
  4 wights (D:8)
  An electric eel (Spider:1)
  2 howler monkeys
  13 centaur zombies
  2 hounds
  2 jellies
  4 centaur skeletons
  2 human zombies
  29 orc priests
  18 orc wizards
  4 iguanas
  6 hell rats (Lair:3)
  A hound skeleton (D:3)
  5 mummies
  2 howler monkey zombies (D:10)
  10 gnolls
  A howler monkey skeleton (D:6)
  8 adders
  A shadow imp (D:7)
  2 white imps
  An adder skeleton (D:4)
  A worm (D:3)
  3 dart slugs
  66 orcs
  7 ball pythons
  3 bats
  5 endoplasms
  2 giant cockroaches (D:1)
  6 goblins
  12 hobgoblins
  25 kobolds
  3 quokkas
  5 frilled lizards
  3 goblin zombies (Ossuary)
  10 hobgoblin zombies (Ossuary)
  2 jackal zombies (Ossuary)
  8 kobold zombies (Ossuary)
  8 orc zombies (Ossuary)
  14 rats
  A rat zombie (Ossuary)
691 creatures vanquished.

Vanquished Creatures (others)
  3 gnolls (D:8)
  743 foxfires
  43 fungi
  196 plants
985 creatures vanquished.

Grand Total: 1676 creatures vanquished

Notes
Turn   | Place    | Note
-------+----------+-------------------------------------------
     0 | D:1      | grimtooth the Demigod Fire Elementalist began the quest for
                  | the Orb.
     0 | D:1      | Reached XP level 1. HP: 14/14 MP: 5/5
    54 | D:1      | Reached skill level 1 in Conjurations
   392 | D:1      | Reached XP level 2. HP: 20/20 MP: 5/7
   813 | D:1      | You fall into a shaft and drop 1 floor!
  1181 | D:2      | Reached XP level 3. HP: 26/26 MP: 6/8
  2014 | D:3      | Reached XP level 4. HP: 30/33 MP: 6/9
  2247 | D:3      | Found a transporter.
  2252 | D:3      | Found a transporter.
  2253 | D:3      | Noticed cbfl8's ghost (amateur MiMo)
  2772 | D:4      | Noticed Dowan
  2890 | D:4      | Reached XP level 5. HP: 38/38 MP: 6/10
  3021 | D:4      | Noticed Purgy
  3098 | D:4      | Reached XP level 6. HP: 40/45 MP: 4/11
  3231 | D:4      | Reached skill level 5 in Fire Magic
  3391 | D:4      | Identified the +4 whip "Wel Suis" {venom, Drain rElec rPois
                  | Dex+5}
  3542 | D:4      | Found a staircase to the Ecumenical Temple.
  3592 | D:4      | Noticed Menkaure
  3597 | D:4      | Killed Menkaure
  4058 | D:5      | Entered Level 5 of the Dungeon
  4094 | D:5      | Learned a level 3 spell: Inner Flame
  4098 | D:5      | Learned a level 3 spell: Conjure Flame
  4185 | D:5      | Reached skill level 5 in Conjurations
  4212 | D:5      | Reached XP level 7. HP: 48/50 MP: 9/12
  4323 | D:5      | Noticed Sigmund
  4323 | D:5      | Noticed Pikel
  4381 | D:5      | Noticed Eustachio
  4620 | D:5      | Noticed Edmund
  4690 | D:5      | Killed Edmund
  4691 | D:5      | Reached skill level 1 in Fighting
  5230 | D:5      | Killed Eustachio
  5628 | D:6      | Reached XP level 8. HP: 65/66 MP: 7/13
  5887 | D:6      | Reached skill level 5 in Fighting
  5935 | D:6      | Noticed Blork the orc
  6258 | D:6      | Killed Blork the orc
  6675 | D:7      | Identified the +4 dagger of Fokeipumm {freeze, Dex+3 SInv}
  6763 | D:7      | Found a sand-covered staircase.
  6772 | Ossuary  | Entered an ossuary
  6980 | Ossuary  | Reached XP level 9. HP: 75/75 MP: 6/14
  9304 | D:4      | Noticed Duvessa
  9324 | D:4      | Killed Dowan
  9330 | D:4      | Killed Duvessa
  9433 | D:4      | Killed Purgy
 10020 | D:5      | Killed Pikel
 10223 | D:5      | Killed Sigmund
 10529 | D:9      | Noticed Maggie
 10615 | D:9      | Reached XP level 10. HP: 83/83 MP: 9/15
 10702 | D:9      | Noticed Psyche
 10721 | D:9      | Killed Psyche
 10781 | D:9      | Learned a level 4 spell: Sticky Flame
 10874 | D:10     | Entered Level 10 of the Dungeon
 11017 | D:10     | Noticed a +0 dagger
 11018 | D:10     | Noticed a +0 hand axe
 11109 | D:10     | Noticed a tengu warrior
 11129 | D:10     | Noticed Fannar
 11136 | D:10     | Reached skill level 10 in Fire Magic
 11377 | D:10     | Noticed a cyan ugly thing
 11458 | D:10     | Noticed a two-headed ogre
 11489 | D:10     | Killed a two-headed ogre
 12287 | D:10     | Noticed a two-headed ogre
 12302 | D:10     | Killed a two-headed ogre
 12324 | D:10     | Killed a tengu warrior
 12524 | D:10     | Killed a cyan ugly thing
 12580 | D:10     | Reached XP level 11. HP: 83/89 MP: 3/17
 12883 | D:10     | Found a staircase to the Lair.
 13140 | D:10     | Killed Fannar
 13141 | D:10     | Reached skill level 10 in Conjurations
 13398 | D:10     | Learned a level 5 spell: Fireball
 14493 | D:11     | - where the hell is it
 14571 | D:11     | Found a flagged portal.
 14597 | D:11     | - so close
 14861 | D:11     | Found a staircase to the Orcish Mines.
 15051 | Lair:1   | Entered Level 1 of the Lair of Beasts
 15077 | Lair:1   | Found a transporter.
 15080 | Lair:1   | Found a transporter.
 15513 | Lair:1   | Noticed a spriggan rider
 15515 | Lair:1   | Noticed axecop's ghost (journeyman DsAK)
 15776 | Lair:2   | Noticed a four-headed hydra
 16213 | Lair:2   | Identified the +7 dagger of Dithmenos's Delight {vorpal,
                  | Will+}
 16295 | Lair:2   | Reached XP level 12. HP: 79/96 MP: 10/20
 16487 | Lair:2   | Killed a four-headed hydra
 16488 | Lair:2   | Reached skill level 5 in Dodging
 16979 | Lair:3   | Reached skill level 1 in Shields
 17008 | Lair:3   | Noticed a catoblepas
 17200 | Lair:3   | Noticed a five-headed hydra
 17209 | Lair:3   | Killed a five-headed hydra
 17513 | Lair:3   | Found a hole to the Spider Nest.
 17887 | Lair:3   | Killed a catoblepas
 17888 | Lair:3   | Reached skill level 5 in Armour
 18617 | Lair:4   | Found a staircase to the Swamp.
 18811 | Lair:4   | Noticed Snorg
 18854 | Lair:4   | Killed Snorg
 18855 | Lair:4   | Reached skill level 5 in Shields
 19346 | Lair:5   | Noticed a five-headed hydra
 19518 | Lair:5   | Noticed a six-headed hydra
 19607 | Lair:5   | Reached skill level 1 in Maces & Flails
 19790 | Lair:5   | Reached XP level 13. HP: 99/102 MP: 11/22
 20751 | Lair:6   | Entered Level 6 of the Lair of Beasts
 21082 | Lair:6   | Noticed Rupert
 21138 | Lair:5   | Reached skill level 5 in Spellcasting
 21468 | Lair:6   | Reached skill level 5 in Maces & Flails
 22054 | Lair:6   | Found a staircase to the Slime Pits.
 22079 | Lair:6   | Identified a scroll of acquirement
 22588 | Lair:4   | Identified the +6 scale mail of Sloth {Dex+10}
 22705 | D:11     | Acquired 1068 gold pieces
 22709 | Orc:1    | Entered Level 1 of the Orcish Mines
 23300 | Orc:2    | Entered Level 2 of the Orcish Mines
 23302 | Orc:2    | Found Vollinef's General Store.
 23454 | Orc:2    | Found a staircase to the Elven Halls.
 23963 | Orc:2    | Gained mutation: You occasionally shout uncontrollably at
                  | your foes. [a neqoxec]
 24159 | Orc:2    | - these meddlesome priests
 24784 | Orc:2    | Reached XP level 14. HP: 118/118 MP: 22/27
 25331 | Orc:2    | Found Juiroil's Jewellery Emporium.
 25334 | Orc:2    | Found Qaoclemp's Antique Armour Emporium.
 25335 | Orc:2    | Found Tyfew's Jewellery Emporium.
 25336 | Orc:2    | Found Wylel's Antique Weapon Shoppe.
 25360 | Orc:2    | Bought a pair of runed gloves for 202 gold pieces
 25360 | Orc:2    | Bought a transparent cloak for 256 gold pieces
 25360 | Orc:2    | Identified the +0 cloak of Leapfrog {Rampage rN+ rCorr
                  | Dex-5} (You bought it in a shop on level 2 of the Orcish
                  | Mines)
 25360 | Orc:2    | Bought a runed helmet for 202 gold pieces
 25458 | Orc:2    | Bought a potion of curing for 42 gold pieces
 25458 | Orc:2    | Bought a scroll of acquirement for 728 gold pieces
 25458 | Orc:2    | Bought a potion of curing for 42 gold pieces
 25477 | Orc:1    | Acquired 1044 gold pieces
 25546 | Orc:2    | Bought a fading arbalest for 342 gold pieces
 25546 | Orc:2    | Identified the +4 arbalest of Ceshris {penet, rN+ Dex+3}
                  | (You bought it in a shop on level 2 of the Orcish Mines)
 26326 | D:12     | Noticed Frances
 26328 | D:12     | - heres a gamble
 26328 | D:12     | - no thats a bad idea
 26656 | D:12     | Killed Frances
 26657 | D:12     | - phew
 27737 | D:13     | Reached skill level 10 in Fighting
 28555 | D:13     | Found a gate to the Vaults.
 28873 | Spider:1 | Entered Level 1 of the Spider Nest
 29607 | Spider:1 | Reached XP level 15. HP: 69/132 MP: 10/28
 29997 | Spider:1 | Paralysed by a hornet for 2 turns
 30151 | Spider:1 | Reached skill level 10 in Armour
 30151 | Spider:1 | HP: 8/198 [poisoned by an emperor scorpion]
 30153 | Spider:1 | HP: 3/198 [poisoned by an emperor scorpion]
 30154 | Spider:1 | HP: 1/198 [poisoned by an emperor scorpion]
 30155 | Spider:1 | Succumbed to an emperor scorpion's poison

Illustrated notes .$..C ...^.........#......... ####### .########.)####..###..# #...#########>.###..# #...................# #?...............†.<# #..........†........+ # #..###..###†##.###### ##.#######..###.######..# #......#............'.... #......#............#.... #......#@...$........#..# ##...#yy#............#### #?. ###############.# ..y ## ... .. # Turn 14493 on D:11: - where the hell is it

...........# ...........##
.##..####...# ###..# #.####
.....#....# <....#....#
.....#....# .....#....#
.#######.## .# #.# #############
.. .K. #...@.......# ..#
####8###8##.# ..# +........∩8.#
..# ##8###8####.# #.#
#...........# #
####+##############.# #
....^............##.# #
...................# #
#...###....##.#############
#...###...###....##.#..#.........
..)..............#.............##


Turn 14597 on D:11: - so close #....#....o#.# ##......o..... ##....o......
#............ ##.o#......#.# ##.(.......## ( #.(o##.#....# ##o.##...#$..#
#)o[###.####.# ##o###.#.##.## #.o@#......## ##.)##.#.##.## #..[.##.#.#.##
##...........# ####...#..#.#..## ## ##.#...#...##....# ##.
#...............####.. ##.##.#..........##... #####.##.#............
##.#.....##............ #...................... Turn 24159 on Orc:2: - these
meddlesome priests ..##.# #..........# .....# #.##'####### .....# #.##.....<#
.....# #.######### ...... #.# .....# ##.### ...... #..#.# #.##.#####.#
#.#......... #....#####)# ####@....... #....@.......# ......#.......'
......#.......# ..... #.#...... .##'# #.####### #. #.# # #.# Turn 26328 on D:12:
- heres a gamble ...... #.# .....# ##.### ...... #..#.# #.##.#####.#
#.#......... #....#####)# #.####........ #..@.'.......# ......#.......'
......#)......# ..... #@#...... .##'# #.####### . #. #.# #.#. # #.##########
#.#.# #.#........# #...# #.#........# #..###### #.#........# #.......#
#.#........# #.......######.#........# #............#.#.#####'##
#....)..####.#.#.# #.# Turn 26657 on D:12: - phew

Levels and vault maps discovered:
D:1:      minmay_arrival_four_houses, layout_loops_ring,
          ebering_ecumenical_altar_petrified, minmay_rat_gold_closets
D:2:      layout_basic
D:3:      layout_loops_ring, gammafunk_ghost_stat_death, minmay_liquid_box
D:4:      layout_loops_corners, minmay_temple_entry_enclosed_plants,
          guppyfry_early_lair_pool, uniq_purgy, uniq_menkaure, uniq_duvessa
D:5:      layout_loops_cross, uniq_sigmund, uniq_pikel, uniq_eustachio,
          uniq_edmund
D:6:      layout_basic, slow_altar_1, uniq_blork_the_orc
D:7:      layout_basic, enter_ossuary_1
D:8:      layout_loops_cross, mainiacjoe_overflow_surrounded_room,
          grunt_dithmenos_shadows, nicolae_hepliaklqana_hazy_memory,
          fiery_altar_vehumet
D:9:      kennysheep_kobold_camp, layout_basic, hangedman_decor_lopped,
          uniq_maggie, uniq_psyche
D:10:     nzn_winding_woodlands_small [nzn_winding_woodlands_5x15_jagged,
          nzn_winding_woodlands_center_garden,
          nzn_winding_woodlands_5x15_concentric], layout_stronghold,
          nicolae_sif_muna_condensation, bloody_makhleb,
          dancing_weapons_uskayaw, lemuel_mausoleum_altar_yredelemnul,
          mainiacjoe_overflow_brackets, erik_lair_orcish_takeover, uniq_fannar
D:11:     layout_gridville, orc_0_dummy, enter_bailey_8
D:12:     layout_basic, kennysheep_island_fort, uniq_frances
D:13:     layout_rooms, grunt_vaults_entry_tiered
Lair:1:   layout_gridlike, gammafunk_ghost_wrathful_warriors
Lair:2:   layout_roguey
Lair:3:   layout_chaotic_city, spider_nest_entry_web_field, fungi_pond_lemuel,
          chequers_serial_rivers_marsh, hangedman_lair_generics_rect,
          infiniplex_staircase_pool
Lair:4:   layout_regular_city, swamp_mist, kennysheep_snail_temple,
          lemuel_fruit_fields, uniq_snorg
Lair:5:   layout_cave_pods, lemuel_fruit_tree
Lair:6:   hangedman_lair_tendril_chambers, layout_misc_corridors,
          guppyfry_lair_end_dragon, slime_dummy, small_statue_intersection,
          uniq_rupert
Spider:1: layout_spider_delve
Orc:1:    layout_caves
Orc:2:    st_orc_pillars, layout_caves, serial_shops, shop

Skill      XL: |  1  2  3  4  5  6  7  8  9 10 11 12 13 14 15 |
---------------+----------------------------------------------+-----
Conjurations   | 1 2 3 4 5 6 9 12 | 12.0
Fire Magic     | 3 4 5 6 7 9 12 | 12.0
Fighting       | 3 6 9 12 | 12.0
Spellcasting   | 3 6 |  6.0
Dodging        | 4 6 |  6.7
Shields        | 6 |  6.0
Armour         | 6 9 10 | 10.0
Maces & Flails | 1 6 |  6.0
Stealth        | |  1.7

Action                   |  1- 3 |  4- 6 |  7- 9 | 10-12 | 13-15 || total
-------------------------+-------+-------+-------+-------+-------++-------
Melee: Unarmed           |     2 |       |       |       |       ||     2
       Whip              |       |    14 |   228 |   535 |   992 ||  1769
 Fire: Hunting sling     |     5 |     7 |       |       |       ||    12
Throw: Stone             |     5 |     1 |     3 |       |       ||     9
       Dart              |       |       |    24 |    47 |    69 ||   140
 Cast: Foxfire           |    66 |    85 |   170 |    76 |    33 ||   430
       Conjure Flame     |       |       |    25 |    46 |    55 ||   126
       Inner Flame       |       |       |     6 |     3 |       ||     9
       Sticky Flame      |       |       |       |    98 |   135 ||   233
       Fireball          |       |       |       |     3 |    86 ||    89
Evoke: Wand              |       |       |     4 |     6 |    17 ||    27
  Use: Potion            |       |       |     2 |    10 |     3 ||    15
       Scroll            |       |       |     2 |    16 |    10 ||    28
 Stab: Sleeping          |       |     1 |     2 |     7 |       ||    10
       Distracted        |       |       |       |       |     2 ||     2
       Petrified         |       |       |       |       |     4 ||     4
Armor: Robe              |    13 |    16 |    96 |   126 |       ||   251
       Troll leather arm |       |       |     7 |   199 |    59 ||   265
       Scale mail        |       |       |       |       |   464 ||   464
Dodge: Dodged            |    26 |    36 |   181 |   599 |   673 ||  1515
Block: Other             |       |       |     7 |   126 |       ||   133
       Reflection        |       |       |       |     5 |       ||     5
       Buckler           |       |       |       |       |   296 ||   296
